BSA
BOSTON REBELS @ MAUI TROPICS
06/12/2026
 
TOP OF THE 1ST
Boston Rebels batting - Pitching for Maui Tropics : RHP Pat Stuckey
Pitching: RHP Pat Stuckey
Batting: RHB Ronnie Brown 0-0: Called Strike
0-1: Foul Ball, location: 2F
0-2: Foul Ball, location: 2F
0-2: SINGLE (Line Drive, 8RS)
Batting: LHB Doyle Otterburn 0-0: Called Strike
0-1: Ball
Wild Pitch!
Ronnie Brown to second
1-1: Swinging Strike
1-2: Strikes out swinging
Batting: LHB Stanley Mullins 0-0: Swinging Strike
Passed Ball!
Ronnie Brown to third
0-1: Ground out 4-3 (Groundball, 4)
Ronnie Brown scores
Batting: LHB Lorenzo Flores 0-0: Ball
1-0: Called Strike
1-1: Ball
2-1: Called Strike
2-2: Ball
3-2: Base on Balls
Batting: SHB Javier Villegas 0-0: Foul Ball, location: 2F
0-1: Swinging Strike
0-2: Ball
1-2: Strikes out looking
Top of the 1st over - 1 run(s), 1 hit(s), 0 error(s), 1 left on base; Boston 1 - Maui 0
BOTTOM OF THE 1ST
Maui Tropics batting - Pitching for Boston Rebels : LHP José Hidalgo
Pitching: LHP José Hidalgo
Batting: LHB Mario Olivares 0-0: Ball
1-0: Called Strike
1-1: Swinging Strike
1-2: Ball
2-2: Ball
3-2: Strikes out swinging
Batting: RHB Jesús Espinoza 0-0: Ball
1-0: Ground out 5-3 (Groundball, 5S)
Batting: RHB Ximena Campos 0-0: Ground out 6-3 (Groundball, 6)
Bottom of the 1st over - 0 run(s), 0 hit(s), 0 error(s), 0 left on base; Boston 1 - Maui 0
TOP OF THE 2ND
Boston Rebels batting - Pitching for Maui Tropics : RHP Pat Stuckey
Batting: RHB Salvador Gonzáles 0-0: Ball
1-0: SINGLE (Groundball, 6MD)
Batting: LHB Jeff Gordon 0-0: Ball
1-0: Swinging Strike
1-1: Swinging Strike
1-2: Strikes out swinging
Batting: RHB Roberto Chávez 0-0: Ball
1-0: Swinging Strike
1-1: Ball
2-1: Swinging Strike
2-2: Strikes out swinging
Batting: RHB Rob Whitley 0-0: Ball
1-0: Ball
2-0: Ball
3-0: Base on Balls
Salvador Gonzáles to second
Batting: RHB Ronnie Brown 0-0: Fly out, F8 (Line Drive, 8RS)
Top of the 2nd over - 0 run(s), 1 hit(s), 0 error(s), 2 left on base; Boston 1 - Maui 0
BOTTOM OF THE 2ND
Maui Tropics batting - Pitching for Boston Rebels : LHP José Hidalgo
Batting: RHB José Herrera 0-0: Called Strike
0-1: Swinging Strike
0-2: Ball
1-2: Strikes out swinging
Batting: RHB José Rodríguez 0-0: Ball
1-0: Ball
2-0: Ball
3-0: Called Strike
3-1: Called Strike
3-2: Strikes out swinging
Batting: RHB Jeff Packard 0-0: Called Strike
0-1: Ball
1-1: Foul Ball, location: 2F
1-2: Foul Ball, location: 2F
1-2: Ground out 5-3 (Groundball, 56)
Bottom of the 2nd over - 0 run(s), 0 hit(s), 0 error(s), 0 left on base; Boston 1 - Maui 0
TOP OF THE 3RD
Boston Rebels batting - Pitching for Maui Tropics : RHP Pat Stuckey
Batting: LHB Doyle Otterburn 0-0: Fly out, F4 (Line Drive, 4)
Batting: LHB Stanley Mullins 0-0: Ball
1-0: Ball
2-0: Called Strike
2-1: Foul Ball, location: 2F
2-2: SINGLE (Line Drive, 89S)
Batting: LHB Lorenzo Flores 0-0: Foul Ball, location: 2F
0-1: Foul Ball, location: 2F
0-2: Ball
1-2: Ball
2-2: Ball
3-2: Strikes out looking
Stanley Mullins steals 2nd base
Batter strikes out.
Batting: SHB Javier Villegas 0-0: Ball
1-0: Fly out, F8 (Line Drive, 8LM)
Top of the 3rd over - 0 run(s), 1 hit(s), 0 error(s), 1 left on base; Boston 1 - Maui 0
BOTTOM OF THE 3RD
Maui Tropics batting - Pitching for Boston Rebels : LHP José Hidalgo
Batting: RHB Eugene Gill 0-0: Called Strike
0-1: Ball
1-1: Called Strike
1-2: Ground out 4-3 (Groundball, 4)
Batting: RHB Matt Silver 0-0: Called Strike
0-1: Foul Ball, location: 2F
0-2: Ball
1-2: Ball
2-2: Ground out 6-3 (Groundball, 6)
Batting: LHB Luis Antonio Torres 0-0: Ball
1-0: Foul Ball, location: 2F
1-1: Swinging Strike
1-2: Strikes out swinging
Bottom of the 3rd over - 0 run(s), 0 hit(s), 0 error(s), 0 left on base; Boston 1 - Maui 0
TOP OF THE 4TH
Boston Rebels batting - Pitching for Maui Tropics : RHP Pat Stuckey
Batting: RHB Salvador Gonzáles 0-0: Ball
1-0: Called Strike
1-1: Ball
2-1: Called Strike
2-2: Ball
3-2: Foul Ball, location: 2F
3-2: Base on Balls
Batting: LHB Jeff Gordon 0-0: Swinging Strike
0-1: Ball
1-1: Called Strike
1-2: Foul Ball, location: 2F
1-2: Strikes out swinging
Batting: RHB Roberto Chávez 0-0: Called Strike
0-1: Ball
1-1: Foul Ball, location: 2F
1-2: Strikes out swinging
Batting: RHB Rob Whitley 0-0: Ball
1-0: Called Strike
1-1: Foul Ball, location: 2F
1-2: SINGLE (Line Drive, 9S)
Salvador Gonzáles to second
Batting: RHB Ronnie Brown 0-0: Ball
1-0: SINGLE (Line Drive, 4MD)
Salvador Gonzáles to third
Rob Whitley to second
Runner from 3rd tries for Home, SAFE, no throw or cutoff
Batting: LHB Doyle Otterburn 0-0: Called Strike
0-1: Ball
1-1: Foul Ball, location: 2F
1-2: Strikes out swinging
Top of the 4th over - 1 run(s), 2 hit(s), 0 error(s), 2 left on base; Boston 2 - Maui 0
BOTTOM OF THE 4TH
Maui Tropics batting - Pitching for Boston Rebels : LHP José Hidalgo
Batting: LHB Mario Olivares 0-0: Ball
1-0: Ground out 5-3 (Groundball, 56S)
Batting: RHB Jesús Espinoza 0-0: Swinging Strike
0-1: Ground out 6-3 (Groundball, 6M)
Batting: RHB Ximena Campos 0-0: Ball
1-0: Foul Ball, location: 2F
1-1: Ball
2-1: Swinging Strike
2-2: Ball
3-2: Ground out 6-3 (Groundball, 6)
Bottom of the 4th over - 0 run(s), 0 hit(s), 0 error(s), 0 left on base; Boston 2 - Maui 0
TOP OF THE 5TH
Boston Rebels batting - Pitching for Maui Tropics : RHP Pat Stuckey
Batting: LHB Stanley Mullins 0-0: Ground out 6-3 (Groundball, 56D)
Batting: LHB Lorenzo Flores 0-0: Ball
1-0: Swinging Strike
1-1: Ball
2-1: Swinging Strike
2-2: Ball
3-2: Base on Balls
Pitching: RHP Chuk-yan Zhuan
Batting: SHB Javier Villegas 0-0: Ball
1-0: Ball
2-0: Foul Ball, location: 2F
2-1: Fly out, F8 (Flyball, 8LXD)
Batting: RHB Salvador Gonzáles 0-0: Ball
1-0: Called Strike
1-1: Ball
2-1: 2-RUN HOME RUN (Flyball, 9D), Distance : 369 ft
Batting: LHB Jeff Gordon 0-0: Fly out, F9 (Popup, 9M)
Top of the 5th over - 2 run(s), 1 hit(s), 0 error(s), 0 left on base; Boston 4 - Maui 0
BOTTOM OF THE 5TH
Maui Tropics batting - Pitching for Boston Rebels : LHP José Hidalgo
Batting: RHB José Herrera 0-0: Ball
1-0: Ground out 5-3 (Groundball, 56)
Batting: RHB José Rodríguez 0-0: Ball
1-0: Foul Ball, location: 2F
1-1: Foul Ball, location: 2F
1-2: Ground out 5-3 (Groundball, 5S)
Batting: RHB Jeff Packard 0-0: Ball
1-0: Ground out 5-3 (Groundball, 5)
Bottom of the 5th over - 0 run(s), 0 hit(s), 0 error(s), 0 left on base; Boston 4 - Maui 0
TOP OF THE 6TH
Boston Rebels batting - Pitching for Maui Tropics : RHP Chuk-yan Zhuan
Batting: RHB Roberto Chávez 0-0: Ball
1-0: Swinging Strike
1-1: SINGLE (Groundball, 56D)
Batting: RHB Rob Whitley 0-0: Ball
1-0: Foul Ball, location: 2F
1-1: Called Strike
1-2: SINGLE (Groundball, 56)
Roberto Chávez to second
Batting: RHB Ronnie Brown 0-0: Called Strike
0-1: Ball
1-1: Foul Ball, location: 2F
1-2: Fly out, F4 (Popup, 4M)
Batting: LHB Doyle Otterburn 0-0: Foul Ball, location: 2F
0-1: Called Strike
0-2: Ball
1-2: SINGLE (Line Drive, 89S)
Roberto Chávez to third
Rob Whitley to second
Batting: LHB Stanley Mullins 0-0: Swinging Strike
0-1: Foul Ball, location: 2F
0-2: Ball
1-2: Fielders Choice at 2nd, 6-4 (Groundball, 6M)
Roberto Chávez scores
Rob Whitley to third
Batting: LHB Lorenzo Flores 0-0: Ball
1-0: Foul Ball, location: 2F
1-1: Foul Ball, location: 2F
1-2: Fly out, F4 (Popup, 34)
Top of the 6th over - 1 run(s), 3 hit(s), 0 error(s), 2 left on base; Boston 5 - Maui 0
BOTTOM OF THE 6TH
Maui Tropics batting - Pitching for Boston Rebels : LHP José Hidalgo
Batting: RHB Eugene Gill 0-0: Called Strike
0-1: Bunt for hit - play at first, batter safe!
Batting: RHB Matt Silver 0-0: Ball
1-0: Ball
2-0: Called Strike
2-1: Grounds into double play, 6-4-3 (Groundball, 6)
Batting: LHB Luis Antonio Torres 0-0: Ball
1-0: Foul Ball, location: 2F
1-1: Swinging Strike
1-2: Foul Ball, location: 2F
1-2: Ball
2-2: Ball
3-2: Strikes out swinging
Bottom of the 6th over - 0 run(s), 1 hit(s), 0 error(s), 0 left on base; Boston 5 - Maui 0
TOP OF THE 7TH
Boston Rebels batting - Pitching for Maui Tropics : RHP Chuk-yan Zhuan
Batting: SHB Javier Villegas 0-0: Called Strike
0-1: Ball
1-1: Ball
2-1: Ground out 4-3 (Groundball, 4)
Pitching: RHP Brandon Mitchell
Batting: RHB Salvador Gonzáles 0-0: Foul Ball, location: 2F
0-1: Ball
1-1: Foul Ball, location: 2F
1-2: Strikes out swinging
Batting: LHB Jeff Gordon 0-0: Swinging Strike
0-1: Swinging Strike
0-2: Strikes out swinging
Top of the 7th over - 0 run(s), 0 hit(s), 0 error(s), 0 left on base; Boston 5 - Maui 0
BOTTOM OF THE 7TH
Maui Tropics batting - Pitching for Boston Rebels : LHP José Hidalgo
Batting: LHB Mario Olivares 0-0: Ball
1-0: Swinging Strike
1-1: Fly out, F8 (Flyball, 8RXD)
Batting: RHB Jesús Espinoza 0-0: Called Strike
0-1: Ground out 4-3 (Groundball, 4)
Batting: RHB Ximena Campos 0-0: Foul Ball, location: 2F
0-1: Ball
1-1: Fly out, F9 (Flyball, 89S)
Bottom of the 7th over - 0 run(s), 0 hit(s), 0 error(s), 0 left on base; Boston 5 - Maui 0
TOP OF THE 8TH
Boston Rebels batting - Pitching for Maui Tropics : RHP Brandon Mitchell
Batting: RHB Roberto Chávez 0-0: Foul Ball, location: 2F
0-1: Ground out 5-3 (Groundball, 56)
Batting: RHB Rob Whitley 0-0: Called Strike
0-1: Ball
1-1: Foul Ball, location: 2F
1-2: Ball
2-2: Strikes out swinging
Batting: RHB Ronnie Brown 0-0: Ground out 1-3 (Groundball, 15S)
Top of the 8th over - 0 run(s), 0 hit(s), 0 error(s), 0 left on base; Boston 5 - Maui 0
BOTTOM OF THE 8TH
Maui Tropics batting - Pitching for Boston Rebels : LHP José Hidalgo
Batting: RHB José Herrera 0-0: Ball
1-0: SINGLE (Groundball, 56D)
Batting: RHB José Rodríguez 0-0: Foul Ball, location: 2F
0-1: Ball
1-1: 2-RUN HOME RUN (Line Drive, 7D), Distance : 373 ft
Batting: RHB Jeff Packard 0-0: Ball
1-0: Foul Ball, location: 2F
1-1: Swinging Strike
1-2: Ball
2-2: Ball
3-2: SINGLE (Flyball, 78S)
Batting: RHB Eugene Gill 0-0: Ball
1-0: Foul Ball, location: 2F
1-1: Swinging Strike
1-2: Ball
2-2: Grounds into double play, U4-3 (Groundball, 4)
Batting: RHB Matt Silver 0-0: Ball
1-0: Ball
2-0: Fly out, F9 (Line Drive, 9M)
Bottom of the 8th over - 2 run(s), 3 hit(s), 0 error(s), 0 left on base; Boston 5 - Maui 2
TOP OF THE 9TH
Boston Rebels batting - Pitching for Maui Tropics : RHP Brandon Mitchell
Batting: LHB Doyle Otterburn 0-0: Ball
1-0: Ball
2-0: Ball
3-0: Called Strike
3-1: Ground out 4-3 (Groundball, 4)
Batting: LHB Stanley Mullins 0-0: Ball
1-0: Ball
2-0: Called Strike
2-1: Ball
3-1: Foul Ball, location: 2F
3-2: Foul Ball, location: 2F
3-2: Foul Ball, location: 2F
3-2: Foul Ball, location: 2F
3-2: Foul Ball, location: 2F
3-2: SINGLE (Line Drive, 89M)
Pitching: RHP Yong-taek Yi
Batting: LHB Lorenzo Flores 0-0: Called Strike
0-1: Ball
1-1: Fly out, F9 (Flyball, 9D)
Batting: SHB Javier Villegas 0-0: Ball
1-0: Ball
2-0: Ball
3-0: Called Strike
3-1: Foul Ball, location: 2F
3-2: Strikes out looking
Top of the 9th over - 0 run(s), 1 hit(s), 0 error(s), 1 left on base; Boston 5 - Maui 2
BOTTOM OF THE 9TH
Maui Tropics batting - Pitching for Boston Rebels : LHP José Hidalgo
Pitching: RHP Tony Rocha
Batting: LHB Luis Antonio Torres 0-0: Ball
1-0: Called Strike
1-1: Swinging Strike
1-2: Strikes out swinging
Batting: LHB Mario Olivares 0-0: Ground out 4-3 (Groundball, 4)
Batting: RHB Jesús Espinoza 0-0: Ball
1-0: SINGLE (Flyball, 89M)
Batting: RHB Ximena Campos 0-0: Ball
1-0: Ball
2-0: Foul Ball, location: 2F
2-1: Fielders Choice at 2nd, U6 (Groundball, 6M)
Bottom of the 9th over - 0 run(s), 1 hit(s), 0 error(s), 1 left on base; Boston 5 - Maui 2
Monday, December 5th, 2016 - OOTP Baseball 17.12 Build 75